 Dungeon Crawl Stone Soup version 0.17.2-1-ge4368a0 (webtiles) character file.

100 Rottenbandages the Insei (level 4, -1/35 HPs)
             Began as a Mummy Monk on Aug 14, 2017.
             Slain by Crazy Yiuf
             ... wielding a +4 quarterstaff of chaos
              (2 damage)
             ... on level 1 of the Dungeon.
             The game lasted 00:06:14 (3556 turns).

Rottenbandages the Insei (Mummy Monk)               Turns: 3556, Time: 00:06:14

Health: -1/35      AC:  1    Str: 14    XL:     4   Next: 46%
Magic:  4/4        EV: 13    Int:  9    God:
Gold:   89         SH:  0    Dex: 15    Spells: 0 memorised, 3 levels left

rFire  x . .     SeeInvis .       - Unarmed
rCold  + . .     Clarity  .     (no armour)
rNeg   + + +     SustAt   .     (no shield)
rPois  ∞         Gourm    .     (no helmet)
rElec  .         Spirit   .     d - +0 cloak (curse)
rCorr  .         Warding  .     (no gloves)
rMut   .         Stasis   .     (no boots)
MR     .....                    (no amulet)
Stlth  ++........               (no ring)
                                (no ring)

@: not resistant to hostile enchantments, unstealthy
A: no food or potions, fire vulnerability, cold resistance 1, negative energy
resistance 3, torment resistance, unbreathing
a: no special abilities


You were on level 1 of the Dungeon.
You were not hungry.

You visited 1 branch of the dungeon, and saw 3 of its levels.

You collected 89 gold pieces.

Inventory:

Armour
 d - a cursed +0 cloak (worn)
 g - a +1 scale mail of fire resistance
Jewellery
 e - an uncursed amulet of guardian spirit {unknown}
Wands
 f - a wand of polymorph (3)
Scrolls
 a - 6 scrolls of identify
 b - 4 scrolls of blinking
 c - a scroll of amnesia


   Skills:
 - Level 3.0 Fighting
 - Level 2.4 Dodging
 - Level 1.5 Stealth
 + Level 4.9 Unarmed Combat


You had 3 spell levels left.
You didn't know any spells.

Dungeon Overview and Level Annotations

Branches:
Dungeon (3/15)

Altars:
Dithmenos
Okawaru

Annotations:
D:1 Crazy Yiuf
D:2 Sigmund


Innate Abilities, Weirdness & Mutations

You do not eat or drink.
Your flesh is vulnerable to fire.
You are immune to poison.
Your flesh is cold resistant.
You are immune to negative energy.
You are immune to unholy pain and torment.
You can survive without breathing.


Message History

No target in view!
You see here a meat ration.
There is a stone staircase leading down here.
A goblin comes into view. It is wielding a dagger.
A goblin is nearby!
A goblin is nearby!
The goblin shouts!
You barely miss the goblin. You punch the goblin.
You kill the goblin!
Crazy Yiuf says, "Crazy?
Crazy!?
PORCUPINE!"
You see here a dagger.
There is a stone staircase leading up here.
Crazy Yiuf hits you with a quarterstaff of chaos!
You convulse!!
Ouch! That really hurt!
* * * LOW HITPOINT WARNING * * *
You climb upwards.
There is a stone staircase leading down here.
Crazy Yiuf hits you with a quarterstaff of chaos.
You die...

#.....###....#.....#..##....#
#.##### ########..###.###..##
### ##.# ### ##.# #.# #..#
#.# #.## #.#######.###
#............
#########..........
#>@.....'..........
#g#######.......... #.#
#..........
#.#######..........
#..................
#.#######.......... #.#
#.......... #.# #..........
#.# ######...##


You could see Crazy Yiuf.

Vanquished Creatures
  Terence (D:2)
  2 adders (D:2)
  An ooze (D:2)
  2 worms
  4 giant cockroaches
  12 goblins
  4 hobgoblins
  9 bats
  5 giant newts
  7 kobolds
  4 rats
51 creatures vanquished.

Notes
Turn   | Place    | Note
--------------------------------------------------------------
     0 | D:1      | Rottenbandages the Mummy Monk began the quest for the Orb.
     0 | D:1      | Reached XP level 1. HP: 18/18 MP: 1/1
   451 | D:1      | Reached XP level 2. HP: 12/24 MP: 2/2
  1208 | D:1      | Reached skill level 4 in Unarmed Combat
  2061 | D:2      | Reached XP level 3. HP: 3/29 MP: 3/3
  2509 | D:2      | Found a shadowy altar of Dithmenos.
  2572 | D:2      | Noticed Crazy Yiuf
  2760 | D:2      | Reached XP level 4. HP: 31/35 MP: 4/4
  2802 | D:2      | Noticed Terence
  2829 | D:2      | Killed Terence
  3089 | D:2      | Noticed Sigmund
  3286 | D:3      | Noticed an ogre
  3424 | D:3      | Found an iron altar of Okawaru.
  3554 | D:2      | HP: 1/35 [Crazy Yiuf/quarterstaff of chaos (18)]
  3556 | D:1      | Slain by Crazy Yiuf

Action                   |  1- 3 |  4- 6 || total
-------------------------+-------+-------++-------
Melee: Unarmed           |   150 |    27 ||   177
  Use: Scroll            |     2 |       ||     2
 Stab: Sleeping          |     5 |       ||     5
